 Dungeon Crawl Stone Soup version 0.31-b1-18-g61460d1e46 (webtiles) character file.

Game seed: 6578942788920411376

846 Cheops the Spear-Bearer (level 8, -2/58 HPs)
             Began as a Formicid Fighter on Jan 16, 2024.
             Slain by Menkaure (10 damage)
             ... on level 5 of the Dungeon.
             The game lasted 00:10:17 (4171 turns).

Cheops the Spear-Bearer (Formicid Fighter)          Turns: 4171, Time: 00:10:17

Health: -2/58      AC:  9    Str: 20    XL:     8   Next: 20%
Magic:  8/8        EV:  9    Int: 11    God:
Gold:   277        SH:  5    Dex: 13    Spells: 7/7 levels left

rFire   . . .        a - +0 trident
rCold   . . .        y - +0 buckler
rNeg    . . .        t - +0 scale mail
rPois   .            (helmet unavailable)
rElec   .            x - +0 cloak
rCorr   .            (no gloves)
SInv    +            A - +0 pair of boots
Will    .....        (no amulet) Stlth
                     f - ring of wizardry
HPRegen 0.29/turn    r - +4 ring of slaying
MPRegen 0.11/turn

%: wizardry (x1)
@: no status effects
A: permanent stasis, dig shafts and tunnels, antennae 3, four strong arms
a: Dig, Shaft Self


You were on level 5 of the Dungeon.
You visited 1 branch of the dungeon, and saw 5 of its levels.

You collected 277 gold pieces.

Inventory:

Hand Weapons
 a - a +0 trident (weapon)
 b - the +11 dagger of Cucitibb {flame, Fly rElec Str-5}
   (You found it on level 2 of the Dungeon)

   Str-5:     It affects your strength (-5).
   rElec:     It insulates you from electricity.
   Fly:       It grants you flight.
 c - a +3 quarterstaff of chaos
 e - the +8 dagger "Lelaeley" {drain, MP+9}
   (You found it on level 4 of the Dungeon)

   MP+9:      It affects your magic capacity (+9).
Armour
 t - a +0 scale mail (worn)
 v - a +0 pair of boots
 x - a +0 cloak (worn)
 y - a +0 buckler (worn)
 A - a +0 pair of boots (worn)
Jewellery
 f - a ring of wizardry (left hand)
 r - a +4 ring of slaying (right hand)
Scrolls
 i - 3 scrolls of immolation {unknown}
 j - a scroll of enchant armour {unknown}
 k - 2 scrolls of blinking {unknown}
 m - 3 scrolls of fog {unknown}
 q - a scroll of enchant weapon {unknown}
 s - 3 scrolls of identify {unknown}
 w - a scroll of butterflies {unknown}
 z - a scroll of vulnerability {unknown}
Potions
 d - 2 potions of might
 g - a potion of lignification {unknown}
 h - a potion of brilliance {unknown}
 l - 2 potions of enlightenment {unknown}
 n - a potion of berserk rage {unknown}
 o - 2 potions of heal wounds {unknown}
 p - a potion of haste {unknown}
 u - a potion of mutation {unknown}


   Skills:
 - Level 3.2 Fighting
 + Level 9.0 Polearms
 - Level 3.2 Armour
 - Level 4.0 Shields


You had 7 spell levels left.
You didn't know any spells.
Your spell library was empty.

Dungeon Overview and Level Annotations

Branches:
Dungeon (5/15)
 Temple: D:4-7

Altars:
Vehumet

Shops:
D:1 :[   D:2 (   D:3 =

Annotations:
D:5 Menkaure


Innate Abilities, Weirdness & Mutations

You cannot be hasted, slowed, berserked, paralysed or teleported.
You can dig through walls and to a lower floor.
You have a pair of large antennae on your head. (SInv)
Your four strong arms can wield two-handed weapons with a shield.


Message History

You now have 270 gold pieces (gained 10).
Menkaure shouts!
You see here 7 gold pieces.
You now have 277 gold pieces (gained 7).
Menkaure rustles in an indecipherable tongue.
Menkaure gestures wildly while chanting.
Menkaure seems to speed up.
Menkaure calls on the powers of darkness!
Your body is wracked with pain!
* * * LOW HITPOINT WARNING * * *
Menkaure casts a spell at you. Pain shoots through your body!
* * * LOW HITPOINT WARNING * * *
You start resting.
Menkaure is nearby!
You closely miss Menkaure.
Menkaure calls on the powers of darkness!
Your body is wracked with pain!
* * * LOW HITPOINT WARNING * * *
You hit Menkaure.
Menkaure is lightly damaged.
Menkaure closely misses you.
You hit Menkaure.
Menkaure is moderately damaged.
Menkaure calls on the powers of darkness!
Your body is wracked with pain!
* * * LOW HITPOINT WARNING * * *
You hit Menkaure but do no damage.
Menkaure is moderately damaged.
Menkaure sighs in an indecipherable tongue.
Menkaure barely misses you.
You barely miss Menkaure.
Menkaure is moderately damaged.
Menkaure gestures at you while chanting.
Pain shoots through your body!
* * * LOW HITPOINT WARNING * * *
You hit Menkaure.
Menkaure is moderately damaged.
Menkaure hits you!
You die...

##....##........##.....
#......#.......###.%...
##.................##..
###...............#...
##.#................
##..#......(.#......
##..##....#...#......
##..M#.....#..........
#....@..##.# ##......
#............. #......
##...###......# .......
##.# ......... >.....
## #..#..#.. #######


You could see Menkaure (fast).

Vanquished Creatures
  Edmund (D:4)
  An ice beast (D:5)
  A phantom (D:4)
  2 scorpions
  A hound (D:4)
  Crazy Yiuf (D:4)
  An orc priest (D:3)
  2 sleepcaps
  An iguana (D:5)
  Natasha (thrice) (D:2)
  An orc wizard (D:3)
  Terence (D:2)
  9 adders
  5 dart slugs
  A ribbon worm (D:3)
  9 orcs
  6 endoplasms
  3 goblins
  A hobgoblin (D:1)
  8 jackals
  6 quokkas
  3 ball pythons
  2 bats (D:3)
  5 frilled lizards
  5 kobolds
  5 rats
84 creatures vanquished.

Notes
Turn   | Place    | Note
-------+----------+-------------------------------------------
     0 | D:1      | Cheops the Formicid Fighter began the quest for the Orb.
     0 | D:1      | Reached XP level 1. HP: 18/18 MP: 1/1
    25 | D:1      | Reached XP level 2. HP: 24/24 MP: 2/2
    62 | D:1      | Reached skill level 3 in Polearms
   163 | D:1      | Reached XP level 3. HP: 24/29 MP: 3/3
   250 | D:1      | Found Awnyk's Armour Boutique.
   395 | D:1      | Found Cikhlumig's Book Boutique.
   657 | D:2      | Noticed Terence
   666 | D:2      | Killed Terence
   667 | D:2      | Reached skill level 4 in Polearms
   667 | D:2      | Reached XP level 4. HP: 31/35 MP: 4/4
   718 | D:2      | Found Ygest's Weapon Emporium.
   970 | D:2      | Noticed Natasha
   973 | D:2      | Killed Natasha
   974 | D:2      | Reached XP level 5. HP: 41/41 MP: 5/5
  1027 | D:2      | Identified the +11 dagger of Cucitibb {flame, Fly rElec
                  | Str-5}
  1137 | D:2      | Noticed Natasha
  1147 | D:2      | Killed Natasha
  1148 | D:2      | Reached skill level 5 in Polearms
  1158 | D:2      | Noticed Natasha
  1166 | D:2      | Killed Natasha
  1565 | D:3      | Found Egreighom's Jewellery Boutique.
  1719 | D:3      | Reached XP level 6. HP: 47/47 MP: 6/6
  1880 | D:3      | Reached skill level 6 in Polearms
  2279 | D:4      | Found a radiant altar of Vehumet.
  2525 | D:4      | Identified the +8 dagger "Lelaeley" {drain, MP+9}
  2655 | D:4      | Reached skill level 7 in Polearms
  2655 | D:4      | Reached XP level 7. HP: 49/52 MP: 7/7
  2749 | D:4      | Noticed Edmund
  2769 | D:4      | Killed Edmund
  3047 | D:4      | Reached skill level 8 in Polearms
  3437 | D:4      | Found a runed translucent door.
  3438 | D:4      | Noticed Crazy Yiuf
  3626 | D:4      | Killed Crazy Yiuf
  3683 | D:5      | Entered Level 5 of the Dungeon
  3833 | D:5      | Reached XP level 8. HP: 43/58 MP: 8/8
  3916 | D:5      | Noticed Menkaure
  4141 | D:5      | Reached skill level 9 in Polearms
  4171 | D:5      | Slain by Menkaure

Illustrated notes

Levels and vault maps discovered:
D:1:      eino_arrival_water_cross, layout_rooms, serial_shops, shop,
          nicolae_book_shop_shelving, serial_bayou_lake_a
D:2:      layout_basic, serial_shops, nicolae_shop_tiny_real_fake_doors,
          uniq_natasha, uniq_terence
D:3:      layout_basic, serial_shops, nicolae_shop_peninsula, minivault_23
D:4:      layout_loops_corners, amcnicky_altar_gilded, uniq_crazy_yiuf_cottage,
          uniq_edmund
D:5:      layout_cave_pools, grunt_temple_overflow_growth_and_decay,
          minmay_lizard_king, uniq_menkaure

Skill      XL: |  1  2  3  4  5  6  7  8 |
---------------+-------------------------+-----
Polearms       | 3 4 5 7 8 9 |  9.0
Fighting       | |  3.2
Armour         | |  3.2
Shields        | |  4.0

Action                     |  1- 3 |  4- 6 |  7- 9 || total
---------------------------+-------+-------+-------++-------
  Melee: Trident           |    79 |   138 |   104 ||   321
 Armour: Scale mail        |    30 |    67 |    54 ||   151
  Dodge: Dodged            |    21 |    51 |    21 ||    93
  Block: Buckler           |    15 |    28 |    13 ||    56
